[Event "Team 45 45 League T64"]
[Site "Internet Chess Club"]
[Date "2015.04.11"]
[Round "5"]
[White "ILRE"]
[Black "AVEMARIA"]
[Result "1-0"]
[WhiteElo "1693"]
[BlackElo "1657"]
[Opening "Queen's pawn, Mason variation"]
[ECO "D00"]
[Time "14:03:31"]
[TimeControl "2700+45"]

1. d4 d5 2. Bf4 Bf5 3. Nf3 Nf6 4. h3 e6 5. e3 Be7 6. Nbd2 O-O 7. Ne5 Nbd7 8.
Ndf3 c5 9. c3 cxd4 10. exd4 Qb6 11. Qb3 Qxb3 12. axb3 a6 13. Be2 Rac8 14. O-O h6
15. b4 Be4 16. b5 Bxf3 17. Nxf3 axb5 18. Bxb5 Ra8 19. Nd2 Rfc8 20. Rfe1 Nb6 21.
Be5 Rxa1 22. Rxa1 Ra8 23. Rxa8+ Nxa8 24. f3 Kf8 25. Kf2 Ne8 26. Bxe8 f6 27. Bxf6
Bxf6 28. Bd7 Ke7 29. Bc8 b6 30. f4 Nc7 31. Nf3 Ne8 32. Ba6 Nd6 33. Bd3 Kf7 34.
Ne5+ Bxe5 35. fxe5 Nb7 36. b4 Nd8 37. g4 Nc6 38. h4 g5 39. h5 Ke7 40. Ke2 Kd8
41. Kd2 Kc7 42. Kc2 Na7 43. b5 Nc8 44. Kb3 Ne7 45. Kb4 Kd7 46. Be2 Kc7 47. Bf3
Kd7 48. c4 dxc4 49. Kxc4 Kc7 50. Be4 Kd7 51. d5 Nc8 52. dxe6+ Kxe6 53. Bf5+ Kxe5
54. Bxc8 Ke4 55. Bf5+ Ke5 56. Kd3 Kd5 57. Bd7 Ke5 58. Ke3 Kd5 59. Bc6+ Ke5 60.
Bd7 Kd5 61. Be8 Ke5 62. Bf7 Kf6 63. Ke4 Kxf7 64. Kd5 Kf6 65. Kc6 Ke5 66. Kxb6
Kf4 67. Ka7 Kxg4 68. b6 Kxh5 69. b7 g4 70. b8=Q Kh4 71. Qf4 Kh3 72. Qxh6+ Kg2
73. Qd2+ Kh3 74. Qf2 g3 75. Qg1 g2 76. Kb6 Kg3 77. Kc5 {Black resigns} 1-0

[Event "Team 45 45 League T64"]
[Site "Internet Chess Club"]
[Date "2015.04.03"]
[Round "5"]
[White "skuhl99"]
[Black "Kingofknights"]
[Result "1-0"]
[WhiteElo "1415"]
[BlackElo "1583"]
[Opening "Réti opening"]
[ECO "A09"]
[Time "20:01:09"]
[TimeControl "2700+45"]

1. Nf3 d5 2. c4 c5 3. g3 Nf6 4. Bg2 Nc6 5. O-O e5 6. d3 Be7 7. Na3 d4 8. e3 O-O
9. exd4 exd4 10. Re1 Re8 11. Nc2 Bg4 12. h3 Bh5 13. Qd2 Qc7 14. a3 Na5 15. Rb1
Nb3 16. Qd1 Bd6 17. Na1 Nxc1 18. Rxe8+ Rxe8 19. Qxc1 Nd7 20. b4 b6 21. bxc5 Bxc5
22. Nb3 Ne5 23. Nxe5 Qxe5 24. Nxc5 Qxc5 25. Rb5 Qe7 26. Rxh5 Qe2 27. Bc6 Re6 28.
Rd5 h6 29. Rd8+ Kh7 30. Be4+ g6 31. Rd7 Kg8 32. Qxh6 Re8 33. Bxg6 {Black
resigns} 1-0

[Event "Team 45 45 League T64"]
[Site "Internet Chess Club"]
[Date "2015.04.02"]
[Round "5"]
[White "fishhead"]
[Black "SaltofLife"]
[Result "1-0"]
[WhiteElo "1857"]
[BlackElo "1922"]
[Opening "Ruy Lopez: closed, Chigorin defense"]
[ECO "C97"]
[Time "14:30:37"]
[TimeControl "2700+45"]

1. e4 e5 2. Nf3 Nc6 3. Bb5 a6 4. Ba4 Nf6 5. O-O Be7 6. Re1 b5 7. Bb3 d6 8. c3
O-O 9. h3 Na5 10. Bc2 c5 11. d4 Qc7 12. Nbd2 Bd7 13. d5 c4 14. Nf1 Nb7 15. Ng3
g6 16. Bg5 a5 17. Qd2 Rfb8 18. Nh2 Qd8 19. f4 exf4 20. Bxf4 Nc5 21. e5 Ne8 22.
Nf3 Ra6 23. Re2 b4 24. Rae1 bxc3 25. bxc3 Rb2 26. Qc1 Rxc2 27. Qxc2 Nd3 28. Bh6
Nxe1 29. Rxe1 dxe5 30. Nxe5 Bh4 31. Re3 Rd6 32. Qe4 Ng7 33. Bxg7 Kxg7 34. Nxc4
Rf6 35. Qe5 Bxg3 36. Rxg3 Bb5 37. Ne3 Qd6 38. Nf5+ {Black resigns} 1-0

[Event "Team 45 45 League T64"]
[Site "Internet Chess Club"]
[Date "2015.04.04"]
[Round "5"]
[White "parrot9"]
[Black "no2"]
[Result "0-1"]
[WhiteElo "1698"]
[BlackElo "1687"]
[Opening "Ruy Lopez: Graz variation"]
[ECO "C70"]
[Time "12:01:43"]
[TimeControl "2700+45"]

1. e4 e5 2. Nf3 Nc6 3. Bb5 a6 4. Ba4 b5 5. Bb3 Bc5 6. O-O d6 7. c3 Bg4 8. h3 Bh5
9. d3 Qd7 10. Re1 Nf6 11. Nbd2 O-O 12. Nf1 Rfe8 13. Ng3 Bg6 14. a4 Na5 15. Bc2
Nb7 16. d4 Bb6 17. Nh4 c5 18. Nhf5 d5 19. dxe5 Rxe5 20. Bf4 Re6 21. e5 Ne8 22.
h4 h6 23. h5 Bh7 24. Qg4 Kh8 25. axb5 d4 26. bxa6 Na5 27. Ba4 Nc6 28. Bb3 Re7
29. e6 Rxe6 30. Bxe6 fxe6 31. Nxh6 gxh6 32. Qxe6 Qxe6 33. Rxe6 Rc8 34. Rxc6 Rxc6
35. a7 Bxa7 36. Rxa7 d3 37. Re7 Nf6 38. Be5 Kg8 39. Bxf6 Rxf6 40. Rd7 c4 41. f3
Rb6 42. Ne4 Bxe4 43. fxe4 Rxb2 44. e5 Rc2 45. e6 Kf8 46. Rf7+ Ke8 47. Rf2 d2 48.
Rf1 Rc1 {White resigns} 0-1

[Event "Team 45 45 League T64"]
[Site "Internet Chess Club"]
[Date "2015.04.03"]
[Round "5"]
[White "Visin"]
[Black "Fogbound"]
[Result "1/2-1/2"]
[WhiteElo "1290"]
[BlackElo "1248"]
[Opening "Caro-Kann: classical variation"]
[ECO "B18"]
[Time "13:00:37"]
[TimeControl "2700+45"]

1. e4 c6 2. d4 d5 3. Nc3 dxe4 4. Nxe4 Bf5 5. Ng3 Bg6 6. Nf3 Nf6 7. Bd3 Bxd3 8.
Qxd3 e6 9. O-O Nbd7 10. c4 Be7 11. b3 Qc7 12. c5 b6 13. b4 O-O 14. Bb2 Nd5 15.
a3 N7f6 16. Rfe1 bxc5 17. dxc5 Rad8 18. Qc2 Qb7 19. Rab1 Nf4 20. Red1 Qb5 21.
Ne5 Rxd1+ 22. Rxd1 Rd8 23. Rxd8+ Bxd8 24. Qd2 N6d5 25. Ne4 Ne2+ 26. Kh1 Nef4 27.
Qd1 a5 28. Nc3 Qb7 29. Na2 Qc7 30. g3 Nh3 31. Kg2 Ng5 32. bxa5 Bf6 33. Qe2 Qxa5
34. Nxc6 Qxc5 35. Bxf6 Nxf6 36. Ncb4 h5 37. h4 Nge4 38. Qc2 Qe5 39. Nc1 Nd5 40.
Nxd5 Qxd5 41. f3 Nf6 42. Qd3 Ng4 43. Qxd5 Ne3+ 44. Kf2 Nxd5 45. Nd3 Kf8 46. a4
Ke7 47. f4 f6 48. Kf3 g6 {Game drawn by mutual agreement} 1/2-1/2

[Event "Team 45 45 League T64"]
[Site "Internet Chess Club"]
[Date "2015.04.08"]
[Round "5"]
[White "Ilamihir"]
[Black "GideonL"]
[Result "0-1"]
[WhiteElo "1133"]
[BlackElo "1656"]
[Opening "QGD Slav defense"]
[ECO "D10"]
[Time "19:33:27"]
[TimeControl "2700+45"]

1. d4 d5 2. c4 c6 3. Nc3 Nf6 4. e3 Bf5 5. Nf3 e6 6. Be2 Bb4 7. Bd2 Nbd7 8. cxd5
Nxd5 9. Nxd5 Bxd2+ 10. Qxd2 exd5 11. O-O O-O 12. Rac1 Nf6 13. Nh4 Ne4 14. Qd1
Qxh4 15. h3 Bxh3 16. gxh3 Qxh3 17. Bf3 Rfe8 18. Bg2 Qh4 19. f3 Ng3 20. Qe1 Re7
21. e4 f5 22. Rc3 Qf4 23. Re3 Nh5 24. a3 dxe4 25. fxe4 Qd6 26. Rxf5 Nf4 27. e5
Qxd4 28. Bh1 Rae8 29. b4 Rxe5 30. Rxe5 Rxe5 31. Kf2 Nd3+ 32. Kf3 Nxe1+ 33. Rxe1
Rxe1 34. Bg2 Re3+ 35. Kf2 Qd2+ 36. Kg1 Rg3 37. a4 Qxg2# {White checkmated} 0-1

[Event "Team 45 45 League T64"]
[Site "Internet Chess Club"]
[Date "2015.04.05"]
[Round "5"]
[White "guyd52"]
[Black "stantheman59"]
[Result "0-1"]
[WhiteElo "1319"]
[BlackElo "1241"]
[Opening "Réti opening"]
[ECO "A04"]
[Time "19:02:09"]
[TimeControl "2700+45"]

1. Nf3 e6 2. g3 b6 3. Bg2 Bb7 4. O-O Nf6 5. d3 Bd6 6. Nbd2 Nc6 7. e4 e5 8. Nc4
Bc5 9. Nfxe5 Nxe5 10. Nxe5 d6 11. Nf3 d5 12. exd5 Bxd5 13. Re1+ Be7 14. Bg5 O-O
15. Qd2 h6 16. Bf4 a5 17. Ne5 Bxg2 18. Kxg2 Qd5+ 19. Nf3 Bd6 20. Bxd6 Qxd6 21.
a3 a4 22. c4 Rfd8 23. Rad1 Ra5 24. Qc2 Ng4 25. Re4 h5 26. Rd4 Qe7 27. Rxd8+ Qxd8
28. Re1 Qa8 29. d4 g6 30. d5 Rc5 31. Nd2 Qxd5+ 32. f3 Ne5 33. Re4 b5 34. b3 axb3
35. Nxb3 Rxc4 36. Rxc4 Qxf3+ 37. Kh3 Nxc4 38. Nd4 Qg4+ 39. Kg2 Qxd4 40. Kh3 Qg4+
41. Kg2 Ne3+ {White resigns} 0-1

[Event "Team 45 45 League T64"]
[Site "Internet Chess Club"]
[Date "2015.04.03"]
[Round "5"]
[White "WzeroMN"]
[Black "Fulmar"]
[Result "1/2-1/2"]
[WhiteElo "1146"]
[BlackElo "1206"]
[Opening "Ruy Lopez: closed"]
[ECO "C90"]
[Time "11:04:30"]
[TimeControl "2700+45"]

1. e4 e5 2. Nf3 Nc6 3. Bb5 a6 4. Ba4 b5 5. Bb3 Nf6 6. O-O Be7 7. Re1 d6 8. Nc3
Bb7 9. Nd5 Na5 10. Nxf6+ Bxf6 11. d3 Nxb3 12. axb3 O-O 13. Be3 h6 14. Qd2 Kh7
15. c4 Re8 16. cxb5 axb5 17. Ra7 Rxa7 18. Bxa7 d5 19. Bc5 dxe4 20. dxe4 Qxd2 21.
Nxd2 {Game drawn by mutual agreement} 1/2-1/2

[Event "Team 45 45 League T64"]
[Site "Internet Chess Club"]
[Date "2015.04.04"]
[Round "5"]
[White "ethan0627"]
[Black "dabodhi"]
[Result "1-0"]
[WhiteElo "1458"]
[BlackElo "1353"]
[Opening "Scandinavian: Marshall variation"]
[ECO "B01"]
[Time "15:02:52"]
[TimeControl "2700+45"]

1. e4 d5 2. exd5 Nf6 3. d4 Nxd5 4. Nf3 Bg4 5. Be2 e6 6. O-O Be7 7. c4 Nb6 8. b3
O-O 9. Bb2 c6 10. Nbd2 Bf5 11. h3 N8d7 12. Re1 Bf6 13. Nf1 Qc7 14. Ng3 Bg6 15.
Bd3 Bf5 16. Nxf5 exf5 17. Bxf5 g6 18. Bc2 Rad8 19. Ba3 c5 20. Qd3 Ne5 21. Nxe5
Rxd4 22. Qg3 Rd2 23. Rac1 Re8 24. Ng4 Rxe1+ 25. Rxe1 Qxg3 26. fxg3 Bd4+ 27. Ne3
Rxc2 28. Kh2 Rxa2 29. Bc1 Bc3 30. Rd1 {Black forfeits on time} 1-0

[Event "Team 45 45 League T64"]
[Site "Internet Chess Club"]
[Date "2015.04.05"]
[Round "5"]
[White "seattleblues"]
[Black "Uku"]
[Result "1-0"]
[WhiteElo "1446"]
[BlackElo "1453"]
[Opening "Queen's pawn game, Chigorin variation"]
[ECO "D02"]
[Time "20:18:15"]
[TimeControl "2700+45"]

1. d4 d5 2. Nf3 Nc6 3. Bf4 Bf5 4. e3 Nb4 5. Na3 Nf6 6. c3 Nc6 7. Bb5 Bd7 8. h3
Ne4 9. Nd2 e6 10. Nc2 Bd6 11. Bxd6 Nxd6 12. Bd3 e5 13. O-O Qg5 14. Nf3 Qe7 15.
dxe5 Nxe5 16. Nxe5 Qxe5 17. Qf3 Ne4 18. Rad1 O-O 19. Nd4 c5 20. Ne2 Qg5 21. Nf4
Rfe8 22. Bxe4 dxe4 23. Qh5 Qxh5 24. Nxh5 Rad8 25. Ng3 Re6 26. Rd2 h6 27. Rfd1
Re7 28. Nf5 Bxf5 29. Rxd8+ Kh7 30. R8d5 Bg6 31. Rxc5 Bh5 32. Rxh5 g5 33. Rd6 Re6
34. Rxe6 fxe6 35. h4 Kg6 36. g4 b5 37. hxg5 hxg5 38. Kg2 a5 39. Rh8 a4 40. Rb8
e5 41. Rxb5 a3 42. b3 Kf6 43. Ra5 Ke7 44. Rxa3 Kd6 45. c4 Kc5 46. Ra5+ Kb6 47.
Rxe5 Kc6 48. Rxg5 Kb6 49. Rf5 Kc6 50. g5 Kd6 51. g6 Ke6 52. Rf4 Ke7 53. g7 Kd6
54. g8=Q Ke5 55. Qe8+ Kd6 56. Rxe4 Kc7 57. Rd4 Kb7 58. Rd7+ Kc6 59. Qe6+ Kc5 60.
Rc7+ Kb4 61. Qb6+ Kc3 62. Qd4+ Kc2 63. Rd7 Kb1 64. Qd1+ Kxa2 65. Rd2+ Ka3 66.
Qc1+ Kb4 67. c5 Kxb3 68. Rb2+ Ka4 69. Qa1# {Black checkmated} 1-0

[Event "Team 45 45 League T64"]
[Site "Internet Chess Club"]
[Date "2015.04.06"]
[Round "5"]
[White "princevultan2"]
[Black "Just-Jim"]
[Result "1-0"]
[WhiteElo "1153"]
[BlackElo "1326"]
[Opening "QP counter-gambit (elephant gambit)"]
[ECO "C40"]
[Time "18:00:20"]
[TimeControl "2700+45"]

1. e4 e5 2. Nf3 d5 3. exd5 Qxd5 4. Nc3 Qe6 5. d3 Bc5 6. Be3 Bxe3 7. fxe3 Nc6 8.
Be2 Qg6 9. Qd2 Nge7 10. O-O Bh3 11. Rf2 Be6 12. d4 O-O-O 13. Bd3 Qh5 14. a4 exd4
15. exd4 Nxd4 16. Nxd4 Rxd4 17. Nb5 Rh4 18. Be2 Qe5 19. g3 Rh6 20. Qa5 a6 21.
Na7+ Kd7 22. Qxe5 f5 23. Qxg7 Rg6 24. Qxh8 h6 25. Qh7 Bg8 26. Rd1+ Ke8 27. Qh8
Rb6 28. Bh5+ Ng6 29. Qxg8+ Ke7 30. Nc8+ Kf6 31. Nxb6 Ne7 32. Qf7+ Kg5 33. Qxe7+
Kxh5 34. Rxf5+ Kg4 35. Qe4+ Kh3 36. Qh4# {Black checkmated} 1-0

[Event "Team 45 45 League T64"]
[Site "Internet Chess Club"]
[Date "2015.04.12"]
[Round "5"]
[White "jjaco"]
[Black "Jiawen5"]
[Result "0-1"]
[WhiteElo "1014"]
[BlackElo "1169"]
[Opening "Ruy Lopez: classical (Cordel) defense"]
[ECO "C64"]
[Time "20:01:10"]
[TimeControl "2700+45"]

1. e4 e5 2. Nf3 Nc6 3. Bb5 Bc5 4. Bxc6 dxc6 5. c3 Bg4 6. d3 Nf6 7. Qe2 Qd6 8.
O-O O-O 9. Rd1 Rfe8 10. Nbd2 Rad8 11. Nf1 Re7 12. h3 Bh5 13. Ng3 Bg6 14. Bg5 h6
15. Bxf6 Qxf6 16. b4 Bb6 17. a4 a5 18. bxa5 Bxa5 19. c4 Qf4 20. c5 Bb4 21. Ra2
Bxc5 22. a5 Qxg3 23. Kf1 Qf4 24. a6 bxa6 25. Rxa6 Bb6 26. g3 Qf6 27. Ra3 Bh5 28.
g4 Bg6 29. Rb3 h5 30. g5 Qe6 31. Ng1 Qxb3 32. Nf3 f6 33. Nd2 Qxd3 34. Ke1 Ba5
{White resigns} 0-1

[Event "Team 45 45 League T64"]
[Site "Internet Chess Club"]
[Date "2015.04.04"]
[Round "5"]
[White "Timotheous"]
[Black "Nathan-L"]
[Result "0-1"]
[WhiteElo "1814"]
[BlackElo "1800"]
[Opening "English opening: Agincourt variation"]
[ECO "A13"]
[Time "12:00:34"]
[TimeControl "2700+45"]

1. Nf3 d5 2. c4 e6 3. b3 Nf6 4. Bb2 Be7 5. g3 O-O 6. Bg2 c5 7. e3 dxc4 8. bxc4
Nc6 9. O-O Qc7 10. d3 Rd8 11. Qe2 Rb8 12. Rd1 b5 13. cxb5 Rxb5 14. Na3 Rb8 15.
Nc4 Ba6 16. Nfe5 Nd5 17. Nxc6 Qxc6 18. Ne5 Qc7 19. Nc4 Bf6 20. Bxf6 Nxf6 21. Qc2
Bxc4 22. Qxc4 Rb4 23. Qc3 Qb6 24. Rdc1 Nd7 25. Qc2 Rb2 26. Qc3 h6 27. Rc2 Rb8
28. Rxb2 Qxb2 29. Qxb2 Rxb2 30. a4 Ne5 31. Bf1 Rc2 32. Ra3 Ng4 33. d4 cxd4 34.
exd4 Nxf2 35. a5 Ng4 36. Rb3 Rc7 37. a6 Nf6 38. Bd3 Kf8 39. Rb7 Rxb7 40. axb7
Nd7 41. Kf2 Ke7 42. Ke2 Kd6 43. Bb5 Nb8 44. Kd2 Kc7 45. Be8 f6 46. Bf7 e5 47.
dxe5 fxe5 48. Bd5 Nd7 49. Ke3 Nc5 50. h4 Nxb7 51. Ke4 Nc5+ 52. Kxe5 Kd7 53. Kf5
Ke7 54. Kg6 Kf8 55. g4 Nd3 56. Kf5 a5 57. g5 hxg5 58. Kxg5 a4 59. h5 Ke7 60. Ba2
Nc1 61. Bc4 a3 62. Kg6 Kf8 63. h6 gxh6 64. Kxh6 Ke7 65. Kg5 Kd6 66. Kf4 Kc5 67.
Bf7 Kb4 68. Ke3 Nb3 {White resigns} 0-1

[Event "Team 45 45 League T64"]
[Site "Internet Chess Club"]
[Date "2015.04.03"]
[Round "5"]
[White "zap2"]
[Black "RamRock"]
[Result "1/2-1/2"]
[WhiteElo "1745"]
[BlackElo "1716"]
[Opening "Benko's opening"]
[ECO "A00"]
[Time "14:03:14"]
[TimeControl "2700+45"]

1. g3 f5 2. Bg2 e5 3. c4 Nf6 4. Nc3 Be7 5. e3 O-O 6. Nge2 Nc6 7. O-O d6 8. d4 e4
9. a3 Qe8 10. b4 Qh5 11. Nf4 Qxd1 12. Rxd1 Bd7 13. h4 Rfc8 14. Bh3 Nd8 15. Nfd5
Kf7 16. Nxf6 Bxf6 17. Nxe4 g6 18. Nxf6 Kxf6 19. Bb2 Ke7 20. Re1 Kf7 21. e4 Nc6
22. exf5 Bxf5 23. Bxf5 gxf5 24. d5 Ne7 25. Re6 c6 26. Rae1 Re8 27. Rxd6 cxd5 28.
cxd5 Rad8 29. Rf6+ Kg8 30. d6 Nc6 31. Rxe8+ Rxe8 32. Rxf5 Re1+ 33. Kg2 Rd1 34.
Rg5+ Kf8 35. Rh5 Kg8 36. b5 Na5 37. Rg5+ Kf8 38. Bc3 Nc4 39. Bb4 Nxd6 40. Rf5+
Kg8 41. Bxd6 Rxd6 42. Rc5 Rd3 43. Rc7 Rxa3 44. Rxb7 a5 45. b6 Rb3 46. h5 a4 47.
Ra7 Rxb6 48. Rxa4 Kg7 49. g4 Rb3 50. Ra6 Rc3 51. f3 Rb3 52. Kg3 Rb4 53. g5 Rb1
54. Ra7+ Kg8 55. Kg4 Rb4+ 56. f4 Rb1 57. Rd7 Rb5 58. h6 Rb1 59. Rg7+ Kh8 60. Re7
Kg8 61. Kf5 Rb5+ 62. Kf6 Rb6+ 63. Re6 Rb8 64. g6 Rf8+ 65. Kg5 hxg6 66. Kxg6 Kh8
67. f5 Rg8+ 68. Kf7 Kh7 69. Rg6 Ra8 70. Re6 Ra5 71. Rf6 Ra7+ 72. Ke6 Ra6+ 73.
Ke5 Ra5+ 74. Kf4 Ra1 75. Kg5 Rg1+ 76. Kf4 Rf1+ 77. Ke5 Re1+ 78. Kd6 Rd1+ 79. Ke7
Re1+ 80. Re6 Rf1 81. f6 Kxh6 82. Re2 Kg6 83. Rg2+ Kh7 84. Kf7 Rh1 85. Kf8 Ra1
86. Rg7+ Kh6 87. Re7 Kg6 88. f7 Ra8+ 89. Re8 Ra7 90. Re6+ Kh7 91. Ke8 Ra8+ 92.
Ke7 Kg7 93. Re1 Ra7+ 94. Ke8 Ra8+ 95. Ke7 Ra7+ 96. Ke8 Ra8+ 97. Ke7 Ra7+ 98. Ke8
{Game drawn by repetition} 1/2-1/2

[Event "Team 45 45 League T64"]
[Site "Internet Chess Club"]
[Date "2015.04.04"]
[Round "5"]
[White "OGO"]
[Black "hondocando"]
[Result "1/2-1/2"]
[WhiteElo "1575"]
[BlackElo "1594"]
[Opening "King's Indian defense, 3.Nc3"]
[ECO "E61"]
[Time "21:30:29"]
[TimeControl "2700+45"]

1. d4 Nf6 2. c4 g6 3. Nc3 Bg7 4. e3 O-O 5. Nf3 d6 6. Be2 b6 7. O-O Bb7 8. Re1
Nbd7 9. b4 Re8 10. a4 e5 11. dxe5 Nxe5 12. Nxe5 dxe5 13. Bb2 Qxd1 14. Rexd1 Rad8
15. f3 a6 16. Kf2 Rd6 17. Rxd6 cxd6 18. Rd1 Kf8 19. Rxd6 Re6 20. Rxe6 fxe6 21.
b5 a5 22. Ba3+ Ke8 23. Bd6 Nd7 24. Bd3 Bf8 25. Bxf8 Kxf8 26. Ke2 Ke7 27. g3 Nc5
28. Bc2 Kd7 29. Nb1 Kd6 30. Nc3 Ba8 31. h4 Bb7 32. g4 Nd7 33. f4 exf4 34. exf4
Nf6 35. g5 Nd7 36. Ke3 Bg2 37. Kd4 e5+ 38. fxe5+ Nxe5 39. Ne4+ Bxe4 40. Bxe4 Nd7
41. h5 Ne5 42. hxg6 hxg6 43. Bd5 {Game drawn by mutual agreement} 1/2-1/2

[Event "Team 45 45 League T64"]
[Site "Internet Chess Club"]
[Date "2015.04.07"]
[Round "5"]
[White "Chesslov"]
[Black "kingsrook"]
[Result "1-0"]
[WhiteElo "1550"]
[BlackElo "1315"]
[Opening "Sicilian defense"]
[ECO "B41"]
[Time "15:00:16"]
[TimeControl "2700+45"]

1. e4 c5 2. Nf3 e6 3. d4 cxd4 4. Qxd4 Nc6 5. Qa4 Qa5+ 6. Qxa5 Nxa5 7. Bd2 Nc6 8.
Bd3 e5 9. O-O Nf6 10. Nc3 Be7 11. a3 O-O 12. Bb5 d6 13. Rfe1 Be6 14. Ng5 Nd4 15.
Bd3 Bd7 16. f4 h6 17. fxe5 dxe5 18. Nf3 Bd6 19. Rf1 a6 20. Be3 Nc6 21. Rad1 Be6
22. Bxa6 bxa6 23. Rxd6 Rac8 24. Bf2 Rfd8 25. Rfd1 Nd4 26. Rxd8+ Rxd8 27. Nxe5
Ne2+ 28. Kh1 Rxd1+ 29. Nxd1 Nxe4 30. Be3 g5 31. Nf3 Nf4 32. Bxf4 gxf4 33. Kg1 f6
34. Nf2 Bd5 35. Nd3 Kf7 36. Nxf4 Bb7 37. Nd4 Ng5 38. Nf5 Be4 39. Nxh6+ Kg7 40.
Ng4 Bxc2 41. h4 Nf7 42. g3 Bf5 43. Ne3 Be4 44. Kf2 Nh6 45. g4 Nf7 46. Kg3 Kh6
47. Nfd5 Kg7 48. Kf4 Bxd5 49. Nxd5 Nd6 50. Nc7 a5 51. b3 Kg6 52. b4 axb4 53.
axb4 Nc4 54. b5 Nb6 55. Ne6 Nd5+ 56. Kg3 Kf7 57. Nf4 Nb6 58. h5 Nd7 59. Nd5 Kg7
60. b6 Kf7 61. b7 Nb8 62. Kf4 Ke6 63. Nc7+ Kd7 64. Nd5 Ke6 65. Nb6 Nc6 66. h6
Kf7 67. Nd7 Kg6 68. h7 Kxh7 69. Nxf6+ Kg6 70. Nd7 Kf7 71. b8=Q Nxb8 72. Nxb8 Kg6
73. Nc6 Kf6 74. Ne5 Kg7 75. Kg5 Kh7 76. Kf6 Kg8 77. g5 Kf8 78. Kg6 Kg8 79. Nf7
Kf8 80. Kh7 Kxf7 81. g6+ Kf8 82. g7+ {Black resigns} 1-0

[Event "Team 45 45 League T64"]
[Site "Internet Chess Club"]
[Date "2015.04.03"]
[Round "5"]
[White "Portola"]
[Black "justice02"]
[Result "1/2-1/2"]
[WhiteElo "1730"]
[BlackElo "1659"]
[Opening "Queen's pawn game"]
[ECO "A45"]
[Time "20:00:37"]
[TimeControl "2700+45"]

1. d4 Nf6 2. c3 g6 3. Nf3 Bg7 4. Bg5 O-O 5. Nbd2 c6 6. e3 d5 7. Bd3 Nbd7 8. a4
Re8 9. O-O e5 10. dxe5 Nxe5 11. Nxe5 Rxe5 12. Bf4 Re8 13. h3 Nh5 14. Bh2 f5 15.
Be2 Nf6 16. Bf3 Nd7 17. Qc2 Ne5 18. Be2 Qf6 19. Nf3 Nxf3+ 20. Bxf3 a5 21. Rfd1
Qe6 22. Bg3 Be5 23. Bxe5 Qxe5 24. Qb3 Qc7 25. c4 dxc4 26. Qxc4+ Be6 27. Qh4 Rad8
28. Rd4 Rxd4 29. Qxd4 Rd8 30. Qc3 Bd5 31. Bxd5+ Rxd5 32. Qb3 Kg7 33. Rd1 Rxd1+
34. Qxd1 b5 35. Qd4+ Kh6 36. Qh4+ Kg7 37. Qd4+ Kh6 38. Qh4+ Kg7 39. Qd4+ Kh6
{Game drawn by repetition} 1/2-1/2

[Event "Team 45 45 League T64"]
[Site "Internet Chess Club"]
[Date "2015.04.04"]
[Round "5"]
[White "zepled37"]
[Black "Chesscat9"]
[Result "1-0"]
[WhiteElo "1746"]
[BlackElo "1670"]
[Opening "Ruy Lopez: Anderssen variation"]
[ECO "C77"]
[Time "07:10:49"]
[TimeControl "2700+45"]

1. e4 e5 2. Nf3 Nc6 3. Bb5 a6 4. Ba4 Nf6 5. d3 d6 6. c3 Be7 7. O-O O-O 8. Re1 b5
9. Bc2 d5 10. exd5 Qxd5 11. d4 exd4 12. cxd4 Bg4 13. Bb3 Qh5 14. Nbd2 Bd6 15. h3
Bxh3 16. gxh3 Qxh3 17. Nf1 Ng4 18. Bd5 Ne7 19. Bxa8 Rxa8 20. Qe2 Ng6 21. Be3 Re8
22. Ng5 Qh4 23. Qf3 f6 24. Bf4 Rxe1 25. Rxe1 Nxf4 26. Re8+ Bf8 27. Qxf4 Qxg5 28.
Qxg5 fxg5 29. Ne3 Nxe3 30. fxe3 Kf7 31. Ra8 Bd6 32. Rxa6 Ke6 33. e4 h5 34. e5
{Black resigns} 1-0

[Event "Team 45 45 League T64"]
[Site "Internet Chess Club"]
[Date "2015.04.03"]
[Round "5"]
[White "rubo"]
[Black "Grenadier"]
[Result "1-0"]
[WhiteElo "1680"]
[BlackElo "1555"]
[Opening "Queen's pawn game"]
[ECO "A46"]
[Time "20:00:41"]
[TimeControl "2700+45"]

1. d4 Nf6 2. Nf3 d6 3. Bf4 b6 4. e3 Bb7 5. Be2 Nbd7 6. O-O Nh5 7. c4 Nxf4 8.
exf4 c5 9. d5 g6 10. Nc3 Bg7 11. Qc2 O-O 12. f5 a6 13. a4 b5 14. axb5 axb5 15.
Nxb5 Qb6 16. fxg6 hxg6 17. Nc3 Rfb8 18. h3 Bc8 19. Rxa8 Rxa8 20. Rb1 Ne5 21.
Nxe5 Bxe5 22. Nb5 Bd7 23. g4 Qb7 24. Bd3 Bxb5 25. cxb5 Qxd5 26. Be4 Qd4 27. Bxa8
Qf4 28. f3 Qd4+ 29. Kh1 Qb4 30. Bc6 Kg7 31. b3 e6 32. Rd1 d5 33. Rc1 Qf4 34. Rf1
Qb4 35. Qe2 Qf4 36. Rb1 d4 37. Be4 f5 38. gxf5 gxf5 39. Bd3 Kh6 40. b6 Kg5 41.
Re1 Bd6 42. Qf2 Kf6 43. Bc4 e5 44. Re2 Qc1+ 45. Qg1 Qf4 46. Qf2 Qc1+ 47. Re1 Qf4
48. h4 e4 49. Rf1 e3 50. Qg2 Qxh4+ 51. Kg1 Bg3 52. b7 Bf2+ 53. Rxf2 exf2+ 54.
Qxf2 Qg5+ 55. Kf1 Qc1+ 56. Qe1 Qf4 57. Qe6+ Kg5 58. Qg8+ Kh4 59. b8=Q Qc1+ 60.
Kg2 Qd2+ 61. Kh1 Qd1+ 62. Kh2 {Black resigns} 1-0

[Event "Team 45 45 League T64"]
[Site "Internet Chess Club"]
[Date "2015.04.04"]
[Round "5"]
[White "GoIrish"]
[Black "g8wrb"]
[Result "1-0"]
[WhiteElo "1595"]
[BlackElo "1419"]
[Opening "Réti opening"]
[ECO "A05"]
[Time "07:02:25"]
[TimeControl "2700+45"]

1. Nf3 Nf6 2. g3 d5 3. Bg2 Nc6 4. O-O Bg4 5. d3 e5 6. Nbd2 Bc5 7. h3 Bh5 8. e4
h6 9. Qe1 d4 10. Nh4 Nb4 11. Nb3 Be7 12. Qd2 Qd7 13. a3 Nc6 14. Nf5 O-O 15.
Nxh6+ gxh6 16. Qxh6 Qe6 17. Bg5 Bg6 18. f4 Bh7 19. fxe5 Nd7 20. Bf6 Bxf6 21.
exf6 Nxf6 22. Rxf6 Qe5 23. Qh4 Ne7 24. Qf4 Qxf4 25. Rxf4 Ng6 26. Rg4 Rad8 27. h4
Kh8 28. Rf1 Ne5 29. Rgf4 Kg7 30. Bh3 Rd6 31. Bf5 Bxf5 32. exf5 f6 33. Nxd4 Kf7
34. Ne6 Rg8 35. Kh2 Ng4+ 36. Kh3 Ne3 37. R1f2 Nd5 38. Rd4 Rc8 39. c3 c5 40. Rg4
Ne7 41. d4 Nxf5 42. Rxf5 Kxe6 43. Rgf4 cxd4 44. Rxf6+ Kd5 45. Rxd6+ Kxd6 46.
Rxd4+ Ke5 47. g4 Rc7 48. h5 Kf6 {Black resigns} 1-0

[Event "Team 45 45 League T64"]
[Site "Internet Chess Club"]
[Date "2015.04.05"]
[Round "5"]
[White "unclevinny"]
[Black "Littlemon"]
[Result "1-0"]
[WhiteElo "1633"]
[BlackElo "1551"]
[Opening "Ruy Lopez: Berlin defense, Beverwijk variation"]
[ECO "C64"]
[Time "15:12:28"]
[TimeControl "2700+45"]

1. e4 e5 2. Nf3 Nc6 3. Bb5 Bc5 4. O-O Nf6 5. Re1 Nd4 6. Nxd4 Bxd4 7. c3 Bb6 8.
d4 exd4 9. e5 Nd5 10. cxd4 c6 11. Bc4 Ne7 12. Bg5 O-O 13. Nc3 h6 14. Be3 d5 15.
Bd3 Bf5 16. Qc2 Qd7 17. h3 Be6 18. Ne2 Nf5 19. Rad1 Nxe3 20. fxe3 Qe7 21. Nf4
Qg5 22. Nxe6 fxe6 23. Qe2 c5 24. Bb5 cxd4 25. exd4 Rf7 26. Qe3 Qxe3+ 27. Rxe3 a6
28. Be2 Rc8 29. Rc3 Re8 30. Bh5 Rf4 31. Bxe8 Bxd4+ 32. Rxd4 Rxd4 33. Rc2 Re4 34.
Kf2 Rxe5 35. Bd7 Kf7 36. Bc8 Rf5+ 37. Ke3 Re5+ 38. Kd4 Re4+ 39. Kc5 b6+ 40. Kxb6
d4 41. Bxa6 Re3 42. Rd2 e5 43. Kc5 Kf6 44. Bc4 Kf5 45. a4 Kf4 46. a5 g5 47. a6
Re1 48. Kb6 Ke3 49. Rd3+ Kf2 50. Ra3 e4 51. a7 d3 52. a8=Q d2 53. Qf8+ Kxg2 54.
Bb3 e3 55. Ba4 e2 56. Qf3+ Kg1 57. Qg3+ Kh1 58. Bc6# {Black checkmated} 1-0

[Event "Team 45 45 League T64"]
[Site "Internet Chess Club"]
[Date "2015.04.05"]
[Round "5"]
[White "scarycell"]
[Black "Visin"]
[Result "0-1"]
[WhiteElo "1307"]
[BlackElo "1308"]
[Opening "Four knights: Scotch, 4...exd4"]
[ECO "C47"]
[Time "09:30:16"]
[TimeControl "2700+45"]

1. e4 e5 2. Nf3 Nc6 3. Nc3 Nf6 4. d4 exd4 5. Nxd4 d6 6. Be3 Be7 7. Bc4 O-O 8.
Qd2 Nxd4 9. Bxd4 c6 10. O-O-O Be6 11. Bb3 Ne8 12. Qe3 b6 13. Qg3 Bf6 14. e5 dxe5
15. Bxe5 Qe7 16. Ne4 Bxe5 17. Qxe5 h6 18. Rdg1 Nc7 19. f4 f6 20. Qc3 Bxb3 21.
Qxb3+ Nd5 22. Nc3 Qf7 23. Nxd5 Qxd5 24. Qxd5+ cxd5 25. Rd1 Rad8 26. Rd2 Rf7 27.
Rhd1 Rfd7 28. c3 Kf7 29. Kc2 Ke6 30. Kb3 Kf5 31. g3 g5 32. fxg5 fxg5 33. c4 d4
34. Kc2 a6 35. b4 Ke4 36. Re1+ Kf3 37. Rf1+ Kg4 38. Rf6 Rd6 39. Rf7 R8d7 40.
Rxd7 Rxd7 41. a4 Kf3 42. a5 bxa5 43. bxa5 Ke3 44. c5 Rc7 45. Rd1 Rxc5+ 46. Kb3
d3 47. Kb4 Rc8 48. Re1+ Kd2 49. Re6 Kc2 50. Rxa6 d2 51. Rd6 d1=Q 52. Rxd1 Kxd1
53. a6 Ke2 54. Ka5 Kf2 55. Kb6 Kg2 56. a7 Ra8 57. Kb7 Rxa7+ 58. Kxa7 Kxh2 {White
resigns} 0-1